 Dungeon Crawl Stone Soup version 0.31.0-4-g52a2dc7128 (webtiles) character file.

Game seed: 4909223026815000447

189 jagang the Trooper (level 5, 0/43 HPs)
             Began as a Human Monk on Jan 22, 2024.
             Was a Believer of Okawaru.
             Incinerated by a bombardier beetle (6 damage)
             ... with a burning spray
             ... on level 3 of the Dungeon.
             The game lasted 00:03:24 (1894 turns).

jagang the Trooper (Human Monk)                     Turns: 1894, Time: 00:03:24

Health: 0/43       AC:  9    Str: 11    XL:     5   Next: 68%
Magic:  5/5        EV:  6    Int: 11    God:    Okawaru [**....]
Gold:   208        SH:  0    Dex: 17    Spells: 4/4 levels left

rFire   . . .        a - +0 falchion
rCold   . . .        d - orb {light}
rNeg    . . .        i - +0 chain mail
rPois   .            (no helmet)
rElec   .            (no cloak)
rCorr   .            (no gloves)
SInv    .            (no boots)
Will    .....        (no amulet) Stlth
                     (no ring)
HPRegen 0.27/turn    (no ring)
MPRegen 0.09/turn

%: no passive effects
@: confused, on fire, ambrosia-drunk, glowing
A: explore regen
a: Renounce Religion, Heroism


You were on level 3 of the Dungeon.
You worshipped Okawaru.
Okawaru was pleased with you.
You visited 1 branch of the dungeon, and saw 3 of its levels.

You collected 208 gold pieces.

Inventory:

Hand Weapons
 a - a +0 falchion (weapon)
Missiles
 n - 6 boomerangs (quivered)
Armour
 d - an orb of light (worn)
 i - a +0 chain mail (worn)
Jewellery
 k - an amulet of magic regeneration
Scrolls
 e - a scroll of fog
 f - a scroll of identify
 h - a scroll of noise
 l - a scroll of butterflies
 o - a scroll of fear
Potions
 b - a potion of enlightenment {unknown}
 g - a potion of invisibility {unknown}
 j - a potion of cancellation {unknown}
 m - 2 potions of attraction {unknown}
 p - 2 potions of brilliance {unknown}
 q - a potion of resistance {unknown}


   Skills:
 * Level 4.3 Fighting
 * Level 4.2 Long Blades
 * Level 2.8 Armour
 - Level 3.0 Dodging


You had 4 spell levels left.
You didn't know any spells.
Your spell library was empty.

Dungeon Overview and Level Annotations

Branches:
Dungeon (3/15)

Altars:
Okawaru
Ru

Shops:
D:1 :   D:2 [


Innate Abilities, Weirdness & Mutations

You regain HP and MP as you explore.


Message History

You hit the bombardier beetle but do no damage.
The bombardier beetle is heavily wounded.
The liquid fire burns you!
The bombardier beetle completely misses you.
You hit the bombardier beetle but do no damage.
The bombardier beetle is heavily wounded.
The liquid fire burns you!
The bombardier beetle bites you but does no damage.
You hit the bombardier beetle but do no damage.
The bombardier beetle is heavily wounded.
The liquid fire burns you! The orc hits you but does no damage.
You completely miss the bombardier beetle.
The bombardier beetle is heavily wounded.
The liquid fire burns you!
The bombardier beetle bites you but does no damage.
The orc barely misses you.
You hit the bombardier beetle.
The bombardier beetle is severely wounded.
The liquid fire burns you! The orc hits you with a +0 flail.
The bombardier beetle bites you but does no damage.
You hit the bombardier beetle.
You kill the bombardier beetle!
Okawaru accepts your kill. The liquid fire burns you!
* * * LOW HITPOINT WARNING * * *
The orc hits you with a +0 flail.
* * * LOW HITPOINT WARNING * * *
You are confused.
You feel invigorated. The liquid fire burns you!
* * * LOW HITPOINT WARNING * * *
The orc hits you but does no damage. The liquid fire burns you!
* * * LOW HITPOINT WARNING * * *
The orc barely misses you.
A ribbon worm comes into view.
The liquid fire burns you!
You die...

.....#### #.#
####....## #.#
##### .........#
#.##....#
######.#.###
#.#.....#
#.#...###...#.#.#
#.###......#.....
#.# #####....#
#.. ...###)#.#
### #.....@†#
#...#.o.......
#........##.##..
#....###.# .#
...#. ..w .. .#..
#.# .# ### ..# .
...


You could see a ribbon worm (wandering) and an orc.

Vanquished Creatures
  A bombardier beetle (D:3)
  An orc priest (D:2)
  Terence (D:2)
  5 adders
  3 dart slugs (D:2)
  2 ribbon worms (D:2)
  2 orcs (D:2)
  7 bats
  An endoplasm (D:1)
  A giant cockroach (D:1)
  5 goblins
  3 hobgoblins
  3 quokkas (D:1)
  3 ball pythons (D:1)
  4 frilled lizards
  4 kobolds
  3 rats
49 creatures vanquished.

Notes
Turn   | Place    | Note
-------+----------+-------------------------------------------
     0 | D:1      | jagang the Human Monk began the quest for the Orb.
     0 | D:1      | Reached XP level 1. HP: 18/18 MP: 1/1
   169 | D:1      | Reached XP level 2. HP: 24/24 MP: 2/2
   237 | D:1      | Found Lenypnair's Book Emporium.
   305 | D:1      | Reached skill level 1 in Armour
   646 | D:1      | Reached XP level 3. HP: 29/29 MP: 3/3
   867 | D:2      | Noticed Terence
   882 | D:2      | Killed Terence
   883 | D:2      | Reached XP level 4. HP: 23/37 MP: 4/4
   883 | D:2      | Found Xihi's Antique Armour Emporium.
  1094 | D:2      | Found a faded altar of an unknown god.
  1158 | D:2      | Reached XP level 5. HP: 38/42 MP: 5/5
  1210 | D:2      | Found a sacrificial altar of Ru.
  1767 | D:3      | Found an iron altar of Okawaru.
  1772 | D:3      | Became a worshipper of Warmaster Okawaru
  1772 | D:3      | Reached * piety under Okawaru
  1772 | D:3      | Reached ** piety under Okawaru
  1892 | D:3      | HP: 1/43 [burnt (5)]
  1894 | D:3      | Incinerated by a bombardier beetle

Illustrated notes

Levels and vault maps discovered:
D:1:      amcnicky_arrival_choice, layout_loops_ring, serial_shops,
          nicolae_shop_statue_plus
D:2:      cheibrodos_pilgrimage, layout_loops_ring, serial_shops, shop,
          basic_altar, hellmonk_ecumenical_altar_heavens_door,
          minmay_tromino_v4_c, uniq_terence
D:3:      layout_basic, mainiacjoe_overflow_24_doors, minmay_fractal_squares_5

Skill      XL: |  1  2  3  4  5 |
---------------+----------------+-----
Armour         | 1 2 |  2.8
Fighting       | 4 |  4.3
Long Blades    | 4 |  4.2
Dodging        | |  3.0

Action                     |  1- 3 |  4- 6 || total
---------------------------+-------+-------++-------
  Melee: Falchion          |    81 |    82 ||   163
    Use: Scroll            |       |     4 ||     4
         Potion            |       |     1 ||     1
 Armour: Ring mail         |     7 |       ||     7
         Chain mail        |    59 |    86 ||   145
  Dodge: Dodged            |    21 |    25 ||    46
